 Dungeon Crawl Stone Soup version 0.18.1-6-gd335043 (webtiles) character file.

114 lightmor the Ruffian (level 4, -4/38 HPs)
             Began as a Naga Transmuter on May 17, 2016.
             Slain by a gnoll (8 damage)
             ... on level 2 of the Dungeon.
             The game lasted 00:05:33 (2906 turns).

lightmor the Ruffian (Naga Transmuter)              Turns: 2906, Time: 00:05:33

Health: -4/38      AC:  2    Str: 11 (12) XL:     4   Next: 97%
Magic:  7/7        EV:  9    Int: 14 (15) God:
Gold:   106        SH:  0    Dex: 10 (11) Spells: 3 memorised, 1 level left

rFire  . . .     SeeInvis +       - Unarmed
rCold  . . .     Gourm    .     b - +0 robe
rNeg   . . .     Faith    .     (no shield)
rPois  +         Spirit   .     (no helmet)
rElec  .         Dismiss  .     (no cloak)
rCorr  .         Reflect  .     (no gloves)
SustAt .         Harm     .     (no barding)
MR     +....                    (no amulet)
Stlth  ++........               (no ring)
                                g - ring of protection from magic

@: short of breath, very slow, somewhat resistant to hostile enchantments,
unstealthy
A: see invisible, deformed body, poison resistance, slowness 2, slow metabolism
1, spit poison 2, AC +1
a: Spit Poison


You were on level 2 of the Dungeon.
You were hungry.

You visited 1 branch of the dungeon, and saw 2 of its levels.

You collected 106 gold pieces.

Inventory:

Missiles
 a - 27 arrows
Armour
 b - a +0 robe (worn)
Jewellery
 g - a ring of protection from magic (left hand)
Scrolls
 j - a scroll of magic mapping {unknown}
 l - a scroll of remove curse {unknown}
 o - 3 scrolls of noise {unknown}
Potions
 e - a potion of degeneration
Books
 c - a book of Changes

   Spells                             Type                      Level
   a - Beastly Appendage              Transmutation                1
   b - Sticks to Snakes               Transmutation                2
   c - Spider Form                    Transmutation/Poison         3
   d - Ice Form                       Ice/Transmutation            4
   e - Blade Hands                    Transmutation                5
 k - a book of Party Tricks

   Spells                             Type                      Level
   a - Summon Butterflies             Summoning                    1
   b - Apportation                    Translocation                1
   c - Tukima's Dance                 Hexes                        3
   d - Alistair's Intoxication        Transmutation/Poison         5
   e - Invisibility                   Hexes                        6
Comestibles
 d - 4 bread rations
 f - 3 chunks of flesh
 h - a beef jerky
 i - a meat ration


   Skills:
 - Level 1.0 Fighting
 - Level 1.5 Dodging
 + Level 3.7 Stealth
 * Level 4.8 Unarmed Combat
 - Level 2.0 Spellcasting
 - Level 2.0 Transmutations


You had one spell level left.
You knew the following spells:

 Your Spells              Type           Power        Failure   Level  Hunger
a - Beastly Appendage     Trmt           #.....       12%         1    ##.....
b - Sticks to Snakes      Trmt           #.......     17%         2    ###....
c - Spider Form           Trmt/Pois      #.........   47%         3    ####...


Dungeon Overview and Level Annotations

Branches:
Dungeon (2/15)

Altars:
Yredelemnul

Annotations:
D:2 1 runed door


Innate Abilities, Weirdness & Mutations

You cannot wear boots.
Your serpentine skin is tough (AC +1).
You have supernaturally acute eyesight.
Armour fits poorly on your strangely shaped body.
Your system is resistant to poisons.
You cover ground very slowly.
You have a slow metabolism.
You can spit poison.


Message History

You hit the gnoll.
The gnoll is severely wounded.
You barely miss the gnoll.
The gnoll is severely wounded.
The gnoll hits you!
* * * LOW HITPOINT WARNING * * *
Press: ? - help, Shift-Dir - straight line, f/p - gnoll
Aim: a gnoll (severely wounded)
The splash of poison misses the gnoll.
You feel slightly more hungry. The gnoll hits you.
* * * LOW HITPOINT WARNING * * *
Drink which item? (? for menu, Esc to quit)
Okay, then.
Read which item? (? for menu, Esc to quit)
Okay, then.
You hit the gnoll but do no damage.
The gnoll is severely wounded.
You are feeling hungry.
The gnoll hits you!
You die...

.#.##..#..#####.....####
##..##.#.###.....####
.............##...#
.###....#########.###
....................#
##.## ...#####...# # ##
. #. ##..## ## ..
..##..###...## .#
.###........@#..# .#
...####..##g###.#
.###.#.......)..###.##
..#..............##..#
#.#..# ####..#.#.###.#
#...### ##...#..##.#
###...# ######.##.#
###.# #.##># #)#
#.##.#####


You could see a gnoll.

Vanquished Creatures
  Ijyb (D:2)
  2 adders (D:2)
  3 gnolls (D:2)
  A dart slug (D:1)
  2 giant geckos
  A ball python (D:1)
  6 giant cockroaches
  8 goblins
  A hobgoblin (D:1)
  2 bats (D:2)
  3 giant newts
  A jackal zombie (D:2)
  2 kobolds
  10 rats
43 creatures vanquished.

Notes
Turn   | Place    | Note
--------------------------------------------------------------
     0 | D:1      | lightmor the Naga Transmuter began the quest for the Orb.
     0 | D:1      | Reached XP level 1. HP: 18/18 MP: 3/3
   122 | D:1      | Reached XP level 2. HP: 2/25 MP: 5/5
   541 | D:1      | Reached skill level 1 in Stealth
  1035 | D:2      | Reached XP level 3. HP: 14/31 MP: 6/6
  1216 | D:2      | Learned a level 2 spell: Sticks to Snakes
  1741 | D:2      | Found a runed door.
  1741 | D:2      | Noticed a human
  1744 | D:2      | Found a basalt altar of Yredelemnul.
  1792 | D:2      | Reached skill level 4 in Unarmed Combat
  2271 | D:2      | Reached XP level 4. HP: 30/38 MP: 7/7
  2372 | D:2      | Learned a level 3 spell: Spider Form
  2811 | D:2      | Noticed Ijyb
  2825 | D:2      | Killed Ijyb
  2906 | D:2      | Slain by a gnoll

Skill      XL: |  1  2  3  4 |
---------------+-------------+-----
Stealth        | 2 3 |  3.7
Unarmed Combat | 4 |  4.8
Fighting       | |  1.0
Dodging        | |  1.5
Spellcasting   | |  2.0
Transmutations | |  2.0

Action                   |  1- 3 |  4- 6 || total
-------------------------+-------+-------++-------
Melee: Unarmed           |   128 |    46 ||   174
       Punch             |     2 |       ||     2
 Abil: Spit Poison       |    10 |     9 ||    19
  Use: Scroll            |     1 |       ||     1
       Potion            |     5 |       ||     5
 Stab: Sleeping          |     1 |     2 ||     3
       Distracted        |       |     1 ||     1
  Eat: Chunk             |     3 |     2 ||     5
Armor: Robe              |    48 |     1 ||    49
Dodge: Dodged            |    89 |    16 ||   105
